Map: 永恒梦境-天梯版

Players

Cyan - Winner!

  • Race: Protoss Protoss

TIME (Oliveira)

  • Race: Terran Terran

Event: DreamHack SC2 Masters 2020 Summer China

VOD

Have the link to the VOD?

Description

Time

  • Played on: July 4, 2020, 8:35 a.m.
  • Length: 14:10

All games in this series

Show
View Real Time Build Order
Export as new Build Order

Cyan Protoss - Winner!

Build Orders: 1 Gate Expand, Blink Stalkers 

Get SALT Encoding   

  12  0:00  Probe  
  13  0:12  Probe  
  14  0:17  Pylon  
  14  0:24  Probe  
  15  0:32  Probe  
  15  0:38  Gateway  
  15  0:40  Probe  
  16  0:46  Assimilator  
  17  0:51  Probe  
  18  1:03  Probe  
  19  1:15  Probe  
  20  1:25  Cybernetics Core  
  20  1:32  Nexus  
  20  1:35  Probe  
  21  1:42  Pylon  
  21  1:48  Probe  
  21  1:49  Assimilator  
  21  1:51  Adept  
  21  1:54  Warp Gate  
  22  2:00  Probe  
  25  2:11  Adept  
  25  2:12  Probe  
  28  2:24  Probe  
  29  2:33  Adept  
  29  2:38  Gateway  
  29  2:41  Gateway  
  31  2:45  Probe  
  31  2:48  Probe  
  33  2:57  Probe  
  32  3:00  Probe  
  32  3:04  Adept  
  35  3:09  Probe  
  35  3:11  Pylon  
  36  3:13  Probe  
  37  3:21  Probe  
  37  3:25  Twilight Council, Probe  
  39  3:33  Probe  
  40  3:37  Probe  
  40  3:41  Stalker x2, Blink  
  40  3:43  Stalker  
  40  3:46  Probe  
  47  3:49  Probe  
  48  3:58  Probe  
  48  3:59  Pylon  
  50  4:08  Stalker x2  
  53  4:15  Stalker  
  53  4:16  Probe  
  51  4:22  Probe  
  46  4:30  Probe  
  41  4:41  Probe  
  41  4:42  Stalker x2  
  41  4:43  Probe  
  45  4:52  Probe  
  45  4:53  Probe  
  47  5:00  Robotics Facility  
  47  5:05  Probe  
  47  5:06  Stalker x2  
  52  5:12  Stalker  
  54  5:17  Pylon  
  54  5:29  Pylon  
  54  5:35  Probe x2  
  56  5:42  Nexus  
  56  5:46  Pylon  
  56  5:47  Probe x2  
  58  5:54  Observer  
  58  5:55  Probe  
  57  5:59  Probe  
  57  6:02  Forge  
  57  6:03  Probe  
  59  6:04  Charge  
  60  6:11  Probe  
  60  6:14  Probe, Gateway  
  60  6:16  Observer  
  63  6:18  Gateway  
  63  6:23  Probe  
  63  6:25  Gateway  
  64  6:27  Probe  
  64  6:28  Protoss Ground Weapons Level 1  
  64  6:31  Gateway  
  65  6:36  Warp Prism  
  65  6:37  Gateway  
  67  6:50  Probe  
  67  6:52  Probe  
  67  6:54  Sentry  
  71  6:55  Zealot  
  71  6:57  Zealot  
  75  7:06  Probe x3  
  78  7:13  Pylon  
  78  7:16  Pylon  
  78  7:18  Probe  
  78  7:23  Zealot x3  
  78  7:24  Zealot  
  78  7:25  Probe x2  
  88  7:31  Probe  
  88  7:33  Pylon, Sentry  
  88  7:36  Zealot x3  
  97  7:39  Observer  
  97  7:41  Probe  
  99  7:53  Pylon x2  
  99  7:57  Zealot x3  
  99  7:58  Zealot x3  
  109  8:10  Zealot x2  
  113  8:20  Zealot x3, Protoss Ground Armor Level 1  
  113  8:21  Zealot x3  
  115  8:33  Zealot x2  
  81  8:43  Zealot  
  81  8:44  Zealot x5  
  81  9:03  Zealot x2  
  81  9:05  Zealot x6  
  88  9:20  Stalker x3  
  88  9:26  Zealot x5  
  90  9:35  Probe, Immortal  
  90  9:37  Probe  
  85  9:41  Probe  
  85  9:43  Probe  
  90  9:49  Probe  
  90  9:50  Sentry x2  
  90  9:51  Probe, Zealot x2  
  100  9:53  Probe  
  102  10:01  Probe  
  102  10:03  Probe  
  102  10:05  Probe  
  102  10:06  Shield Battery  
  105  10:07  Immortal  
  105  10:08  Shield Battery  
  105  10:09  Pylon  
  105  10:12  Observer  
  105  10:13  Probe  
  106  10:18  Stalker x2  
  106  10:21  Assimilator  
  114  10:30  Zealot x4  
  126  10:55  Zealot  
  126  10:56  Zealot x2  
  70  12:29  Nexus  
  66  12:34  Pylon  
  66  12:35  Pylon  
  66  12:36  Pylon  
  66  12:37  Pylon  
Show
View Real Time Build Order
Export as new Build Order

TIME Terran 

Build Orders: Liberator Opening 

Get SALT Encoding   

  12  0:00  SCV  
  13  0:13  SCV  
  14  0:17  Supply Depot  
  14  0:25  SCV  
  15  0:39  SCV  
  15  0:40  Barracks  
  16  0:43  Refinery  
  16  0:51  SCV  
  17  1:03  SCV  
  18  1:15  SCV  
  19  1:28  Barracks Reactor, Orbital Command  
  19  1:39  Command Center  
  19  1:48  Supply Depot  
  19  1:54  SCV  
  20  2:05  Marine  
  20  2:06  SCV, Marine  
  23  2:10  Factory  
  23  2:16  Refinery  
  23  2:18  SCV  
  24  2:23  Marine x2  
  26  2:30  SCV  
  29  2:50  SCV  
  28  2:56  Orbital Command, Starport  
  28  3:00  Hellion x2  
  28  3:02  Barracks Tech Lab  
  28  3:03  SCV  
  33  3:16  SCV  
  34  3:21  Hellion x2  
  34  3:22  SCV  
  39  3:28  SCV, Supply Depot  
  39  3:32  Medivac  
  43  3:34  SCV  
  43  3:43  SCV  
  43  3:46  SCV  
  45  3:51  Cyclone, Marine x2  
  45  3:52  Bunker  
  45  3:55  Supply Depot  
  50  4:02  Liberator  
  46  4:08  SCV  
  46  4:09  Marine x2  
  52  4:10  SCV  
  49  4:20  SCV  
  49  4:22  SCV  
  46  4:26  Marine x2  
  44  4:33  SCV  
  44  4:35  SCV  
  46  4:42  Siege Tank  
  46  4:44  Marine  
  46  4:45  SCV  
  49  4:47  SCV  
  49  4:51  Barracks  
  50  4:53  Barracks  
  50  4:55  Marine  
  50  4:56  Supply Depot  
  50  4:57  SCV  
  50  4:59  SCV  
  53  5:02  Marine  
  51  5:09  SCV  
  51  5:10  Engineering Bay  
  51  5:11  SCV  
  51  5:13  Marine  
  54  5:16  Siege Tank  
  54  5:20  Marine  
  54  5:21  SCV, Refinery  
  59  5:23  SCV  
  59  5:27  Supply Depot  
  60  5:33  SCV  
  60  5:35  SCV  
  62  5:36  Terran Infantry Weapons Level 1  
  62  5:37  Starport  
  62  5:39  Marine x2, Barracks Tech Lab  
  62  5:40  Barracks Tech Lab  
  64  5:45  SCV  
  64  5:47  SCV, Supply Depot  
  66  5:53  Siege Tank  
  69  5:57  SCV  
  69  5:58  Marauder  
  69  5:59  SCV  
  69  6:00  Stimpack, Marine  
  76  6:04  Marauder, Marine  
  76  6:09  SCV, Refinery  
  76  6:10  Supply Depot  
  78  6:11  SCV  
  78  6:15  Starport Reactor  
  78  6:17  Missile Turret  
  78  6:18  Marine  
  80  6:20  Combat Shield  
  80  6:22  Marine  
  80  6:24  Marauder  
  83  6:29  Missile Turret  
  83  6:33  Marauder  
  83  6:35  Marine  
  86  6:42  Factory Reactor  
  87  6:49  SCV x2  
  87  6:51  Supply Depot  
  87  6:52  Supply Depot  
  87  6:53  Command Center, Marauder  
  91  6:56  Medivac  
  91  6:57  Medivac  
  94  7:12  Marine x2  
  94  7:13  Marauder  
  94  7:14  Marine, Barracks  
  94  7:15  Barracks  
  99  7:19  Widow Mine x2  
  103  7:26  Medivac  
  103  7:27  Medivac  
  107  7:32  Marine  
  107  7:33  Marauder  
  110  7:39  Concussive Shells  
  110  7:44  Marine x2  
  110  7:51  Supply Depot  
  110  7:52  Supply Depot  
  110  7:54  Marine  
  110  8:05  SCV, Medivac x2, Marauder, Widow Mine x2  
  121  8:07  Barracks Reactor, Barracks Tech Lab  
  121  8:12  Marauder, Marine x2  
  122  8:16  Orbital Command  
  122  8:17  SCV  
  85  8:35  Medivac x2, Marauder, Marine x2  
  85  8:37  SCV, Marine  
  85  8:44  Marine x2  
  85  8:45  Widow Mine  
  85  8:46  SCV, Widow Mine  
  83  8:53  SCV, Marine x2  
  83  8:54  SCV  
  83  8:55  Marine  
  79  8:57  Marauder  
  79  8:58  SCV  
  79  9:01  Terran Infantry Armor Level 1  
  79  9:02  Marine  
  83  9:05  SCV, Medivac  
  83  9:09  SCV  
  78  9:11  Marine  
  78  9:13  Marauder, Marine x2  
  78  9:14  SCV  
  81  9:18  Widow Mine x2  
  81  9:19  Marine  
  84  9:26  SCV x2  
  84  9:27  SCV  
  77  9:38  SCV, Marine x2  
  77  9:39  SCV  
  74  9:46  Marine x3  
  74  9:50  SCV  
  78  9:53  SCV x2  
  78  9:56  Marine  
  78  9:59  Orbital Command  
  83  10:00  Widow Mine  
  83  10:01  Marine  
  83  10:05  Marauder  
  86  10:07  SCV  
  86  10:10  Marine x2  
  86  10:12  SCV  
  90  10:14  Marine  
  90  10:15  Marauder  
  90  10:18  Marine  
  90  10:19  SCV  
  97  10:21  Widow Mine  
  97  10:23  Marine  
  97  10:24  Medivac  
  97  10:27  SCV x2  
  102  10:30  Marine  
  102  10:31  SCV, Marine  
  102  10:34  Medivac  
  107  10:36  Marine  
  107  10:39  SCV  
  107  10:41  SCV  
  110  10:44  Marauder x2  
  110  10:48  SCV  
  110  10:49  Marine  
  112  10:57  Marine x2  
  112  10:58  Marauder  
  116  11:08  Marine  
  116  11:10  Orbital Command  
  93  11:18  Marine x2  
  93  11:19  Marauder  
  93  11:20  SCV  
  91  11:36  SCV  
  86  11:43  Marine x3  
  81  11:47  Widow Mine  
Tags
 
Add a new tag
Caveats
  • Supply blocks, unpowered buildings, or Contaminate may cause inaccurate times.
  • Supply counts are checked every 10 seconds.